 Dungeon Crawl Stone Soup version 0.30-a0-1094-g860fb061e7 (webtiles) character file.

Game seed: 3157970986963478174

92 123456 the Digger (level 4, -1/24 HPs)
             Began as a Gargoyle Earth Elementalist on Apr 17, 2023.
             Slain by a gnoll
             ... wielding a +0 spear
              (4 damage)
             ... on level 2 of the Dungeon.
             The game lasted 00:03:27 (1679 turns).

123456 the Digger (Gargoyle Earth Elementalist)     Turns: 1679, Time: 00:03:28

Health: -1/24      AC:  5    Str: 12    XL:     4   Next: 60%
Magic:  5/8        EV: 12    Int: 17    God:
Gold:   99         SH:  0    Dex: 10    Spells: 2/8 levels left

rFire   . . .      SeeInvis .    f - +2 short sword (drain)
rCold   . . .      Faith    .    (no shield)
rNeg    + . .      Spirit   .    a - +0 robe
rPois   ∞          Reflect  .    (no helmet)
rElec   +          Rampage  .    (no cloak)
rCorr   .                        (no gloves)
Will    .....                    (no boots)
Stlth   ++                       (no amulet)
HPRegen 0.24/turn                (no ring)
MPRegen 0.11/turn                (no ring)

@: attractive
A: sickness immunity, AC +3, negative energy resistance 1, electricity
resistance, torment resistance 1, petrification resistance
a: no special abilities


You were on level 2 of the Dungeon.
You visited 1 branch of the dungeon, and saw 2 of its levels.

You collected 99 gold pieces.

Inventory:

Hand Weapons
 f - a +2 short sword of draining (weapon)
 n - a +0 rapier
Armour
 a - a +0 robe (worn)
Scrolls
 c - a scroll of blinking {unknown}
 g - a scroll of enchant armour {unknown}
 h - 2 scrolls of teleportation {unknown}
 j - a scroll of amnesia {unknown}
 k - 6 scrolls of identify {unknown}
Potions
 b - a potion of magic
 d - a potion of attraction
 e - a potion of brilliance {unknown}
 i - a potion of mutation {unknown}
 l - a potion of heal wounds {unknown}
 m - a potion of flight {unknown}
 o - a potion of degeneration {unknown}


   Skills:
 + Level 2.1 Dodging
 + Level 2.9 Stealth
 * Level 2.9 Spellcasting
 - Level 0.7 Transmutations
 * Level 4.8 Earth Magic


You had 2 spell levels left.
You knew the following spells:

 Your Spells              Type           Power      Damage    Failure   Level
a - Sandblast             Erth           36%        2d10      2%          1
b - Stone Arrow           Conj/Erth      20%        3d8       21%         3
c - Passwall              Tmut/Erth      9%         N/A       9%          2

Your spell library contained the following spells:

 Spells                   Type           Power      Damage    Failure   Level
 Petrify                  Tmut/Erth      11%        N/A       50%         4


Dungeon Overview and Level Annotations

Branches:
Dungeon (2/15)

Altars:

Shops:
D:1 [


Innate Abilities, Weirdness & Mutations

You are immune to sickness and miasma.
Your stone body is resilient. (AC +3)
You are immune to poison.
You resist negative energy. (rN+)
You are resistant to electric shocks. (rElec)
You are resistant to unholy torment.
You are immune to petrification.


Message History

The kobold is severely wounded.
The blast of sand hits the kobold!
You kill the kobold!
You can't see any susceptible monsters within range! (Use Z to cast anyway.)
You open the door.
A bat comes into view.
There is an open door here.
A bat is nearby!
You can't see any susceptible monsters within range! (Use Z to cast anyway.)
You can't see any susceptible monsters within range! (Use Z to cast anyway.)
You can't see any susceptible monsters within range! (Use Z to cast anyway.) No target in view! 3 gnolls come into view.
There are monsters nearby!
A gnoll comes into view. It is wielding a +0 flail.
Found a short sword.
The gnoll shouts!
The gnoll moves out of view.
You see here a bubbling pink potion.
The bat barely misses you.
The blast of sand hits the bat!
You kill the bat!
The gnoll shouts! x2
The gnoll hits you from afar with a +0 halberd!
The blast of sand hits the gnoll!
The gnoll is severely wounded.
The gnoll misses you. The gnoll closely misses you.
The blast of sand hits the gnoll!
You kill the gnoll!
The gnoll hits you from afar with a +0 halberd!
Ouch! That really hurt!
* * * LOW HITPOINT WARNING * * *
The gnoll barely misses you.
The gnoll hits you from afar with a +0 spear.
* * * LOW HITPOINT WARNING * * *
It was a potion of attraction.
You feel attractive to monsters. The gnoll closely misses you.
The gnoll hits you from afar with a +0 spear.
You die...

#.....# #
..........######>.#
#.....# .. .######...#
#.## #.....# ... #...#
#.# #...†.# ..#### #..)#
#.# ####### ...# #...#
#.# ##.###...#
#####+#....'.).+
#.......!.##...# #######
#......@#.########.....#
#....g.....#.......###.#
#....)g##..#.####### #..
#)....g ...#.# ########
#...... ##.#.# #......#
#...... .#.####.####.#
#...... .#............
####### ######..#.#..
.............


You could see 3 gnolls.

Vanquished Creatures
  2 gnolls
  2 adders (D:2)
  A worm (D:2)
  A dart slug (D:1)
  An endoplasm (D:1)
  2 giant cockroaches
  7 goblins (D:1)
  7 hobgoblins
  4 jackals (D:2)
  2 quokkas (D:1)
  4 ball pythons
  5 bats
  2 frilled lizards
  5 kobolds
  2 rats (D:1)
47 creatures vanquished.

Notes
Turn   | Place    | Note
-------+----------+-------------------------------------------
     0 | D:1      | 123456 the Gargoyle Earth Elementalist began the quest for
                  | the Orb.
     0 | D:1      | Reached XP level 1. HP: 10/10 MP: 3/3
   107 | D:1      | Found Zaelim's Armour Shoppe.
   129 | D:1      | Reached XP level 2. HP: 6/15 MP: 0/5
   294 | D:1      | Reached skill level 4 in Earth Magic
   352 | D:1      | Reached XP level 3. HP: 11/19 MP: 0/6
   356 | D:1      | Learned a level 3 spell: Stone Arrow
   359 | D:1      | Learned a level 2 spell: Passwall
  1256 | D:2      | Reached XP level 4. HP: 24/24 MP: 5/8
  1531 | D:2      | Found a faded altar of an unknown god.
  1679 | D:2      | Slain by a gnoll

Illustrated notes

Levels and vault maps discovered:
D:1:      evilmike_arrival_hilbert_curve, layout_basic, serial_shops,
          nicolae_shop_getting_attention
D:2:      layout_basic, hellmonk_ecumenical_altar_run_dry

Skill      XL: |  1  2  3 |
---------------+----------+-----
Earth Magic    | 4 |  4.8
Dodging        | 2 |  2.1
Stealth        | |  2.9
Spellcasting   | |  2.9
Transmutations | |  0.7

Action                     |  1- 3 |  4- 6 || total
---------------------------+-------+-------++-------
  Melee: Dagger            |    15 |       ||    15
         Short sword       |    17 |       ||    17
   Cast: Sandblast         |    45 |    17 ||    62
    Use: Potion            |       |     1 ||     1
   Stab: Sleeping          |     1 |       ||     1
 Armour: Robe              |    18 |       ||    18
  Dodge: Dodged            |    49 |    10 ||    59

Table legend: (Time is in decaauts)
 A = Elapsed time spent in this place.
 B = Non-inter-level travel time spent in this place.
 C = Inter-level travel time spent in this place.
 D = Time resting spent in this place.
 E = Time spent auto-exploring this place.
 F = Levels seen in this place.
 G = Mean time per level.
                   A        B        C        D        E       F      G
               +--------+--------+--------+--------+--------+-----+--------+
         Total |   1708 |   1675 |     33 |     36 |   1315 |   2 |  854.0 |
       Dungeon |   1708 |   1675 |     33 |     36 |   1315 |   2 |  854.0 |
               +--------+--------+--------+--------+--------+-----+--------+

Top non-repeatable levels by time:
     D:1: 1033 daAuts
     D:2: 675 daAuts
